 Dungeon Crawl Stone Soup version 0.18-a0-674-g00855b9 (webtiles) character file.

98 Raultor the Charmwright (level 4, -3/30 HPs)
             Began as a High Elf Skald on Dec 6, 2015.
             Slain by an orc
             ... wielding a +0 trident
              (5 damage)
             ... on level 3 of the Dungeon.
             The game lasted 00:07:15 (2570 turns).

Raultor the Charmwright (High Elf Skald)            Turns: 2570, Time: 00:07:15

Health: -3/30      AC:  5    Str: 12    XL:     4   Next: 44%
Magic:  8/9        EV: 12    Int: 16    God:
Gold:   162        SH:  0    Dex: 14    Spells: 1 memorised, 7 levels left

rFire  . . .     SeeInvis .     a - +0 falchion
rCold  . . .     Clarity  .     b - +0 leather armour
rNeg   . . .     SustAt   .     (no shield)
rPois  .         Gourm    .     w - +0 helmet
rElec  .         Spirit   .     (no cloak)
rCorr  .         Dismiss  .     h - +0 pair of gloves
rMut   .         Stasis   .     (no boots)
MR     .....                    (no amulet)
Stlth  ++........               (no ring)
                                z - ring of stealth {Stlth+}

@: infused, not resistant to hostile enchantments, unstealthy
A: no striking features
a: no special abilities


You were on level 3 of the Dungeon.
You were hungry.

You visited 1 branch of the dungeon, and saw 3 of its levels.

You collected 162 gold pieces.

Inventory:

Hand Weapons
 a - a +0 falchion (weapon)
Armour
 b - a +0 leather armour (worn)
 h - a +0 pair of gloves (worn)
   (You found it on level 1 of the Dungeon)
 w - a +0 helmet (worn)
   (You found it on level 3 of the Dungeon)
 y - a +1 scale mail of magic resistance
   (You took it off an orc on level 3 of the Dungeon)
Jewellery
 z - a ring of stealth (left hand) {Stlth+}
   (You found it on level 3 of the Dungeon)
Scrolls
 e - a scroll of fear {unknown}
 g - 2 scrolls of random uselessness {unknown}
 i - a scroll of noise {unknown}
 j - a scroll of fog {unknown}
 l - 3 scrolls of identify {unknown}
 m - a scroll of enchant weapon {unknown}
 n - a scroll of immolation {unknown}
 q - 3 scrolls of teleportation {unknown}
 A - a scroll of remove curse {unknown}
Potions
 k - a potion of degeneration {unknown}
 o - a potion of heal wounds {unknown}
 p - a potion of resistance {unknown}
 r - 2 potions of brilliance {unknown}
 t - 2 potions of curing {unknown}
 u - a potion of poison {unknown}
 v - a potion of cancellation {unknown}
Books
 c - a book of Battle
Comestibles
 d - 2 bread rations {@e1}
 f - a slice of pizza
 s - 2 meat rations {@e2}
 x - 3 fruits
 B - a chunk of flesh {@w0}


   Skills:
 + Level 2.6 Fighting
 * Level 3.6 Long Blades
 + Level 1.6 Armour
 + Level 2.0 Dodging
 - Level 2.9 Spellcasting
 + Level 4.0 Charms


You had 7 spell levels left.
You knew the following spells:

 Your Spells              Type           Power        Failure   Level  Hunger
a - Infusion              Chrm           ###...       6%          1    #......


Dungeon Overview and Level Annotations

Branches:
Dungeon (3/15)

Altars:
Cheibriados


Message History

You barely miss the orc. The orc barely misses you.
You hit the orc but do no damage. The orc closely misses you.
You hit the orc but do no damage. The orc hits you with a morningstar.
You take 2 damage, and have 28/30 hp.
You hit the orc. The orc closely misses you.
You closely miss the orc. The orc closely misses you.
You hit the orc but do no damage. The orc barely misses you.
You hit the orc. You hit the orc but do no damage.
The orc hits you with a morningstar.
You take 6 damage, and have 23/30 hp.
You hit the orc.
You kill the orc!
No target in view!
Found a stone staircase leading up.
Things that are here:
a morningstar; a runed scale mail
y - a runed scale mail Wear which item? (? for menu, Esc to quit)
You start removing your armour.
You continue taking off your +0 leather armour. x4
You finish taking off your +0 leather armour.
You start putting on your armour.
You continue putting on your runed scale mail. x5
You finish putting on your +1 scale mail of magic resistance.
You feel resistant to hostile enchantments.
z - a shiny pearl ring Put on which piece of jewellery? (? for menu, Esc to quit)
z - a ring of stealth (left hand) Wear which item? (? for menu, Esc to quit)
You start removing your armour.
You continue taking off your +1 scale mail of magic resistance. x4
You finish taking off your +1 scale mail of magic resistance.
You feel less resistant to hostile enchantments.
You start putting on your armour.
You continue putting on your +0 leather armour. x5
You finish putting on your +0 leather armour.
There is a stone staircase leading up here.
A goblin comes into view. It is wielding a dagger.
The goblin shouts!
A giant newt comes into view.
The goblin closely misses you.
You hit the goblin but do no damage. The goblin hits you with a dagger.
You take 2 damage, and have 25/30 hp.
You hit the goblin.
You kill the goblin!
The giant newt bites you but does no damage.
You barely miss the giant newt. The giant newt barely misses you.
You completely miss the giant newt. The giant newt bites you.
You hit the giant newt.
You kill the giant newt!
No target in view!
No target in view!
A - a scroll labeled AZAKKI TUGU You now have 162 gold pieces (gained 12).
Things that are here:
a dagger; a ring mail; a goblin corpse You butcher the goblin corpse.
B - a chunk of flesh {@w0}
Things that are here:
a dagger; a ring mail An orc comes into view.
It is wielding a trident.
An orc is nearby!
The orc shouts!
An orc comes into view. It is wielding a trident.
An orc and an orc priest come into view.
The orc shouts!
The orc moves out of view.
The orc hits you from afar with a trident.
A goblin and an orc come into view.
You take 2 damage, and have 24/30 hp.
The orc hits you with a trident.
You take 4 damage, and have 20/30 hp.
You barely miss the orc.
The goblin shouts!
The orc barely misses you.
The orc priest casts a cantrip, but nothing happens.
The orc closely misses you. The orc closely misses you.
The orc hits you from afar with a trident.
You take 3 damage, and have 17/30 hp.
The orc barely misses you.
The goblin zaps a wand.
Some rock shatters into small pieces.
It is a wand of digging.
A centaur skeleton comes into view.
The orc shouts!
There is an open door here.
You are feeling hungry.
You begin infusing your attacks with magical energy.
The orc hits you with a dagger. The orc barely misses you.
You take 1 damage, and have 17/30 hp.
You now have 8/9 mp.
Your leather armour prevents you from hitting the orc.
The orc hits you with a dagger. The orc barely misses you.
You take 3 damage, and have 14/30 hp.
You closely miss the orc.
The orc priest calls down the wrath of Beogh upon you.
Something smites you!
* * * LOW HITPOINT WARNING * * *
The orc barely misses you.
The orc hits you from afar with a trident.
You die...

#.#### ##........# #.#
#......#####..#. .. #.#
#...#..### #...##... #.#
#...#....# #...#.#......
..######.#..#...# #....#.##....
#(....##........###.....##.#..
#.....##.#....#.........#.#.####
†..).............##o.....#.##..##
#......#........@ooo......##....#
..####.#...#.....##go......%Z....
#.# #........#####..............
#.#######...#.# ###........#....#
..##........#..............# ..##
####.#.#.#....#####.......#.# ##
........................##.#..
.###...#.###.###.......#.##....
.# #...#####..........#.#........


You could see an orc priest, 4 orcs and a goblin.

Vanquished Creatures
  4 adders
  2 oozes (D:1)
  A worm (D:3)
  A giant gecko (D:3)
  An orc (D:3)
  3 giant cockroaches
  9 goblins
  5 hobgoblins
  2 jackals (D:2)
  11 kobolds
  4 bats
  3 giant newts
  7 rats
53 creatures vanquished.

Notes
Turn   | Place    | Note
--------------------------------------------------------------
     0 | D:1      | Raultor the High Elf Skald began the quest for the Orb.
     0 | D:1      | Reached XP level 1. HP: 14/14 MP: 4/4
    64 | D:1      | HP: 2/14 [ooze (3)]
    65 | D:1      | Reached skill level 1 in Armour
    65 | D:1      | Reached XP level 2. HP: 2/19 MP: 0/6
   788 | D:1      | You fall through a shaft!
   811 | D:2      | Reached XP level 3. HP: 22/25 MP: 4/8
  1445 | D:2      | Reached skill level 4 in Charms
  1633 | D:2      | Reached skill level 2 in Dodging
  1705 | D:2      | Found a snail-covered altar of Cheibriados.
  1894 | D:3      | Reached skill level 3 in Long Blades
  1979 | D:3      | Found a faded altar to an unknown god.
  1989 | D:3      | Reached XP level 4. HP: 19/30 MP: 9/9
  2042 | D:3      | HP: 7/30 [poisoned by an adder]
  2050 | D:3      | HP: 6/30 [poisoned by an adder]
  2570 | D:3      | HP: 2/30 [orc priest/divine providence (13)]
  2570 | D:3      | Slain by an orc

Vault maps used:
D:1:      nagdon_arrival_zigzag_paths, feat_on_display
D:2:      cheibriados_altar_1, grunt_ministairs_13
D:3:      makhleb_altar_promises_db, general_overflow_altar, ecumenical_altar_2,
          minmay_misc_feat_secret_circle

Action                   |  1- 3 |  4- 6 || total
-------------------------+-------+-------++-------
Melee: Falchion          |   130 |    59 ||   189
 Cast: Infusion          |     6 |     4 ||    10
  Eat: Chunk             |     3 |     2 ||     5

Vault maps used:
D:1:      nagdon_arrival_zigzag_paths, feat_on_display
D:2:      cheibriados_altar_1, grunt_ministairs_13
D:3:      makhleb_altar_promises_db, general_overflow_altar, ecumenical_altar_2,
          minmay_misc_feat_secret_circle

Table legend:
 A = Turns spent in this place as a percentage of turns spent in the entire game.
 B = Non-inter-level travel turns spent in this place as a percentage of non-inter-level travel turns spent in the entire game.
 C = Inter-level travel turns spent in this place as a percentage of turns spent in this place.
 D = Turns resting spent in this place as a percentage of non-inter-level travel turns spent in this place.
 E = Turns spent auto-exploring this place as a percentage of non-inter-level travel turns spent in this place.
 F = Non-inter-level travel turns spent in this place divided by the number of levels of this place that you've seen.
                   A       B       C       D       E      F
               +-------+-------+-------+-------+-------+----------------------
         Total | 100.0 | 100.0 |   0.6 |   4.9 |  13.7 | 175.7
       Dungeon | 100.0 | 100.0 |   0.6 |   4.9 |  13.7 | 175.7
               +-------+-------+-------+-------+-------+----------------------

Table legend:
 A = Kills in this place as a percentage of kills in entire the game.
 B = Kills by you in this place as a percentage of kills by you in the entire game.
 C = Kills by friends in this place as a percentage of kills by friends in the entire game.
 D = Other kills in this place as a percentage of other kills in the entire game.
 E = Experience gained in this place as a percentage of experience gained in the entire game.
 F = Experience gained in this place divided by the number of levels of this place that you have seen.
                   A       B       C       D       E      F
               +-------+-------+-------+-------+-------+----------------------
         Total | 100.0 | 100.0 |  -nan |  -nan | 100.0 |  47.0
       Dungeon | 100.0 | 100.0 |  -nan |  -nan | 100.0 |  47.0
               +-------+-------+-------+-------+-------+----------------------
